 Dungeon Crawl Stone Soup version 0.18-a0-116-g2d311b1 (webtiles) character file.

443 Proton the Chopper (level 6, -1/57 HPs)
             Began as a Deep Dwarf Fighter on Nov 16, 2015.
             Succumbed to a scorpion's poison
             ... on level 5 of the Dungeon.
             The game lasted 00:05:20 (2894 turns).

Proton the Chopper (Deep Dwarf Fighter)             Turns: 2894, Time: 00:05:20

Health: -1/57      AC:  7    Str: 22    XL:     6   Next: 71%
Magic:  15/15      EV:  7    Int:  8    God:
Gold:   165        SH: 10    Dex: 12    Spells: 0 memorised, 5 levels left

rFire  . . .     SeeInvis .     a - +0 war axe
rCold  . . .     Clarity  .     b - +0 scale mail
rNeg   . . .     SustAt   .     c - +0 shield
rPois  .         Gourm    .     (no helmet)
rElec  .         Spirit   .     (no cloak)
rCorr  .         Warding  .     (no gloves)
rMut   .         Stasis   .     (no boots)
MR     .....                    (no amulet)
Stlth  ..........               (no ring)
                                j - ring of magical power

@: lethally poisoned (-1 -> -7), non-regenerating, not resistant to hostile
enchantments, extremely unstealthy
A: damage resistance, recharge devices, sense surroundings 1, slow regeneration
3
a: Device Recharging


You were on level 5 of the Dungeon.
You were not hungry.

You visited 2 branches of the dungeon, and saw 6 of its levels.

You collected 165 gold pieces.

Inventory:

Hand Weapons
 a - a +0 war axe (weapon)
Armour
 b - a +0 scale mail (worn)
 c - a +0 shield (worn)
Jewellery
 j - a ring of magical power (left hand)
Wands
 e - a wand of heal wounds (1)
Scrolls
 i - 5 scrolls of identify {unknown}
 l - 2 scrolls of amnesia {unknown}
 m - a scroll of teleportation {unknown}
 n - a scroll of fear {unknown}
 o - 6 scrolls of remove curse {unknown}
 p - a scroll of random uselessness {unknown}
Potions
 d - 3 potions of might
 h - 3 potions of curing {unknown}
 q - a potion of heal wounds {unknown}
 r - a potion of beneficial mutation {unknown}
Books
 k - a book of the Earth

   Spells                             Type                      Level
   a - Leda's Liquefaction            Hexes/Earth                  4
   b - Bolt of Magma                  Conjuration/Fire/Earth       5
   c - Statue Form                    Transmutation/Earth          6
   d - Iron Shot                      Conjuration/Earth            6
   e - Shatter                        Earth                        9
Comestibles
 f - 2 bread rations
 g - 2 slices of pizza


   Skills:
 + Level 3.8 Fighting
 * Level 5.3 Axes
 + Level 4.7 Armour
 + Level 4.7 Shields


You had 5 spell levels left.
You didn't know any spells.

Dungeon Overview and Level Annotations

Branches:
Dungeon (5/15)             Temple (1/1) D:4

Altars:
Cheibriados
Elyvilon
Fedhas
Gozag
Kikubaaqudgha
Makhleb
Okawaru
Vehumet
Xom
Yredelemnul
Zin
The Shining One


Innate Abilities, Weirdness & Mutations

You are resistant to damage.
You can recharge devices by infusing magical energy.
You passively map a small area around you.
You do not regenerate naturally.


Message History

Your shield and scale mail prevent you from hitting the shadow imp.
The shadow imp closely misses you.
The scorpion stings you but does no damage.
The shadow imp closely misses you.
You barely miss the scorpion.
The scorpion is heavily wounded.
You hit the shadow imp.
The shadow imp is moderately wounded.
The scorpion stings you.
* * * LOW HITPOINT WARNING * * *
You are more poisoned.
The scorpion poisons you! The shadow imp gestures at you.
Pain shoots through your body!
* * * LOW HITPOINT WARNING * * *
You slash the scorpion!
You kill the scorpion!
You closely miss the shadow imp.
The shadow imp is moderately wounded.
You die...

### * ..# ####### , ..#
#.....# . ..# #.....# *,
.. ..# #.....# .5... ..#
##....# .....# * ..#
#.....#######.....#
..#####..........5......#
.......#...#....@.......#
.......+...#............#
.......#...#............#
.......#...#............#
*
.......#...##'###........
########....#. #........
.....#. #........ ,,, ,,
#.,,#........ , , #.
,#........


You could see a shadow imp.

Vanquished Creatures
  The ghost of vergilfromua the Cutter, an amateur VSAK of Lugonu (D:4)
  A scorpion (D:5)
  3 orc priests
  2 worker ants (D:4)
  An iguana (D:4)
  4 adders
  4 worms
  12 orcs
  A giant cockroach (D:1)
  7 goblins
  8 hobgoblins
  5 jackals
  7 bats
  3 giant geckos
  A giant newt (D:1)
  A jackal skeleton (D:4)
  8 kobolds
  2 quokkas
  5 rats
76 creatures vanquished.

Notes
Turn   | Place    | Note
--------------------------------------------------------------
     0 | D:1      | Proton the Deep Dwarf Fighter began the quest for the Orb.
     0 | D:1      | Reached XP level 1. HP: 20/20 MP: 1/1
   172 | D:1      | Reached XP level 2. HP: 22/27 MP: 2/2
   483 | D:2      | Reached XP level 3. HP: 25/33 MP: 3/3
   990 | D:2      | Found a glowing silver altar of Zin.
   993 | D:2      | Found a radiant altar of Vehumet.
   993 | D:2      | Found a burning altar of Makhleb.
  1000 | D:2      | Found an ancient bone altar of Kikubaaqudgha.
  1160 | D:3      | Reached XP level 4. HP: 25/42 MP: 4/4
  1411 | D:3      | Found an iron altar of Okawaru.
  1589 | D:3      | Reached skill level 4 in Armour
  1702 | D:4      | Reached XP level 5. HP: 26/49 MP: 5/5
  1721 | D:4      | Noticed vergilfromua's ghost (amateur VSAK)
  1821 | D:4      | Found a staircase to the Ecumenical Temple.
  1826 | Temple   | Entered the Ecumenical Temple
  2510 | D:4      | Killed vergilfromua's ghost
  2510 | D:4      | Reached skill level 5 in Axes
  2510 | D:4      | Reached XP level 6. HP: 39/57 MP: 6/6
  2834 | D:5      | Entered Level 5 of the Dungeon
  2893 | D:5      | HP: 2/57 [shadow imp/nerve-wracking pain (6)]
  2894 | D:5      | Succumbed to a scorpion's poison

Vault maps used:
D:1:      onia_arrival_pentagram
D:2:      grunt_temple_overflow_open, serial_glass, glass_columns_c,
          glass_columns_a, first_bread
D:3:      nicolae_overflow_hidden_temple
D:4:      temple_doors_c, serial_co_window_serial, co_window_paths_a,
          co_window_paths_a, co_window_paths_a, co_window_of_opportunity_a,
          co_window_corner_a, co_window_of_opportunity_b, co_window_paths_c,
          co_window_broadway_c, co_window_broadway_c, co_window_2corner,
          co_window_broadway_a, co_window_paths_d, co_window_4corner_a,
          glass_columns_a, glass_columns_c, glass_columns_b, glass_columns_b,
          glass_columns_a
D:5:      serial_glass, glass_columns_b, glass_columns_b,
          minmay_strange_pillars, item_on_display_a, due_unseen_surprise,
          uniq_grinder, uniq_blork_the_orc
Temple:   nicolae_temple_great_sept

Action                   |  1- 3 |  4- 6 || total
-------------------------+-------+-------++-------
Melee: War axe           |   158 |   133 ||   291
Evoke: Wand              |     1 |     3 ||     4
  Eat: Meat ration       |     1 |     1 ||     2
